 Dungeon Crawl Stone Soup version bcrawl-1.31.4 (webtiles) character file.

Game seed: 5864190639832049458

597457 Morbidden the Devastator (level 14, -5/92 HPs)
             Began as a Fairy Conjurer on May 28, 2021.
             Was the Champion of Cheibriados.
             Engulfed by a cloud of flame (48 damage)
             ... in a volcano.
             The game lasted 00:25:50 (12882 turns).

Morbidden the Devastator (Fairy Conjurer)          Turns: 12882, Time: 00:25:50

Health: -5/92      AC: 17    Str: 23    XL:     14   Next: 21%
Magic:  44/44      EV: 30    Int: 38    God:    Cheibriados [******]
Gold:   648        SH: 19    Dex: 32    Spells: 20/43 levels left

rFire    . . .     SeeInvis +   b - +4 scimitar (flame)
rCold    . . .     Gourm    .   P - +0 buckler
rNeg     . . .     Faith    .   (armour unavailable)
rPois    .         Spirit   .   p - +2 hat
rElec    .         Reflect  .   K - +0 cloak
rCorr    .         Harm     .   r - +0 pair of gloves
MR       +....                  y - +2 pair of boots
Stlth    ++........             z - amulet of magic regeneration
HPRegen  0.25/turn              L - ring "Lifrerel" {MP+9 Str+2 Dex+3 SInv}
MPRegen  0.54/turn              m - +3 ring of protection

@: flying evasively, very slow
A: small, magic attunement, unstealthy, unfitting armour, able to fly, AC/SH +7
a: Stop Flying, Bend Time, Temporal Distortion, Slouch, Step From Time, Renounce
Religion


You were in a volcano.
You worshipped Cheibriados.
Cheibriados was exalted by your worship.
You were not hungry.

You visited 3 branches of the dungeon, and saw 15 of its levels.
You also visited: Bailey and Volcano.

You collected 1273 gold pieces.
You spent 625 gold pieces at shops.

Inventory:

Hand Weapons
 a - a +1 dagger of venom
 b - a +4 scimitar of flaming (weapon)
Missiles
 F - 569 poisoned tomahawks (quivered)
Armour
 p - a +2 hat (worn)
 r - a +0 pair of gloves (worn)
 y - a +2 pair of boots (worn)
 K - a +0 cloak (worn)
 P - a +0 buckler (worn)
Magical Staves
 O - an uncursed staff of earth
Jewellery
 g - an uncursed amulet of regeneration
 m - a +3 ring of protection (right hand)
 z - an amulet of magic regeneration (around neck)
 C - the ring "Cisuxoff" {Fire Str+2}
   (You took it off a crimson imp on level 6 of the Dungeon)

   [ring of fire]

   It enhances your fire magic.
   It affects your strength (+2).
   It protects you from fire.
   It makes you vulnerable to cold.
 E - an uncursed ring of resist corrosion
 L - the ring "Lifrerel" (left hand) {MP+9 Str+2 Dex+3 SInv}
   (You bought it in a shop on level 8 of the Dungeon)

   [ring of magical power]

   It affects your strength (+2).
   It affects your dexterity (+3).
   It affects your magic capacity (+9).
   It lets you see invisible.
 Q - an uncursed ring of protection from cold
 Z - an uncursed ring of ice
Wands
 q - a wand of random effects (11)
 s - a wand of polymorph (18)
 x - a wand of acid (9)
 A - a wand of paralysis (6)
 B - a wand of enslavement (6)
 W - a wand of disintegration (18)
Scrolls
 c - 6 scrolls of remove curse
 d - 2 scrolls of magic mapping
 f - 6 scrolls of blinking
 i - 3 scrolls of identify
 k - 2 scrolls of enchant weapon
 o - a scroll of noise
 t - 3 scrolls of fear
 v - 2 scrolls of fog
 w - a scroll of enchant armour
 G - 9 scrolls of teleportation
 U - a scroll of brand weapon
Potions
 h - a potion of degeneration
 j - 2 potions of heal wounds
 l - 6 potions of curing
 n - 2 potions of berserk rage
 u - 3 potions of haste
 D - 4 potions of might
 H - a potion of agility
 I - 4 potions of invisibility
 J - 2 potions of magic
 M - a potion of brilliance {unknown}
 N - a potion of mutation
 S - a potion of cancellation {unknown}
 T - a potion of ambrosia
 V - a potion of flight {unknown}
 Y - a potion of resistance {unknown}
Miscellaneous
 R - a sack of spiders
Comestibles
 e - 31 rations {!d}


   Skills:
 * Level 7.0 Fighting
 * Level 5.0(5.7) Short Blades
 * Level 3.2(4.2) Long Blades
 + Level 0.2 Throwing
 * Level 9.2 Dodging
 + Level 3.1 Stealth
 + Level 2.1 Shields
 * Level 15.3 Spellcasting
 * Level 15.7 Conjurations
 * Level 4.3 Transmutations
 * Level 5.0 Earth Magic
 * Level 6.3 Invocations
 + Level 0.1 Evocations


You had 20 spell levels left.
You knew the following spells:

 Your Spells              Type           Power        Failure   Level  Hunger
a - Iskenderun's Mystic   Conj           #######.     0%          3    None
b - Orb of Destruction    Conj           #######...   4%          7    None
c - Magic Dart            Conj           ####         0%          1    None
d - Fulminant Prism       Conj/Hex       ######....   1%          4    None
e - Searing Ray           Conj           #######.     0%          2    None
f - Statue Form           Tmut/Erth      ######...    63%         6    None

Your spell library contained the following spells:

 Spells                   Type           Power        Failure   Level  Hunger
 Sandblast                Erth           ######       1%          1    None
 Passwall                 Tmut/Erth      ######..     1%          2    None
 Stone Arrow              Conj/Erth      ######       1%          3    None
 Irradiate                Conj/Tmut      #######...   1%          5    None
 Summon Small Mammal      Summ           ####         3%          1    None
 Bolt of Draining         Conj/Necr      ######....   4%          5    None
 Fireball                 Conj/Fire      ######....   4%          5    None
 Call Imp                 Summ           ####..       5%          2    None
 Petrify                  Tmut/Erth      ######....   5%          4    None
 Bolt of Magma            Conj/Fire/Erth ######....   6%          5    None
 Iron Shot                Conj/Erth      #######...   8%          6    None
 Call Canine Familiar     Summ           ####....     11%         3    None
 Lee's Rapid Deconstruct  Erth           ######....   13%         5    None
 Bolt of Fire             Conj/Fire      ######....   22%         6    None
 Poison Arrow             Conj/Pois      ######....   22%         6    None
 Summon Ice Beast         Ice/Summ       ####....     36%         4    None
 Summon Lightning Spire   Summ/Air       ####....     71%         5    None
 Spellforged Servitor     Conj/Summ      ######....   77%         7    None
 Steam Barrier            Chrm/Fire      ####......   99%         6    None
 Ignition                 Fire           ####......   100%        8    None
 Shatter                  Erth           ######....   100%        9    None


Dungeon Overview and Level Annotations

Branches:
Dungeon (12/12)            Temple (1/1) D:4            Lair (2/6) D:7
    Orc (0/1) D:11         Vaults (0/3) D:11         Depths (0/5) D:12
  Swamp: Lair:2-4    Shoals: Lair:2-4     Snake: Lair:2-4    Spider: Lair:2-4

Altars:
Ashenzari
Cheibriados
Dithmenos
Elyvilon
Fedhas
Gozag
Hepliaklqana
Kikubaaqudgha
Lugonu
Makhleb
Nemelex Xobeh
Okawaru
Qazlal
Ru
Sif Muna
Trog
Uskayaw
Vehumet
Wu Jian
Xom
Yredelemnul
Zin
The Shining One

Shops:
D:6 !   D:7 :   D:8 =

Portals:
Trove: D:12 (give +7 quick blade)

Annotations:
D:5 2 runed translucent doors, izumii3's ghost, novice EnBe
Lair:1 3 runed translucent doors, pheathergobbo575's ghost, novice MiFi
Lair:2 1 transporter


Innate Abilities, Weirdness & Mutations

Your spells do not cause hunger and MP costs are reduced by 1.
Your bright wings attract enemies. (Stealth-)
You cannot fit into any form of body armour.
Your shimmering scales are hard and can block incoming attacks. (AC +7, SH +7)
You are small and have problems with some larger weapons.
You can fly continuously.


Message History

You reach down and close the door.
You start resting.
Magic restored.
The air gets thick with the scent of sulphur.
You start resting.
In the distance, the volcano erupts with a roar.
You start resting.
Eating one of 4 chunks of flesh.
You eat one of the 4 chunks of flesh.
This raw flesh tastes terrible.
The air gets thick with the scent of sulphur.
You start resting.
In the distance, the volcano erupts with a roar.
You start resting.
All of the chunks of flesh in your inventory have rotted away.
The air gets thick with the scent of sulphur.
You reach down and open the door.
In the distance, the volcano erupts with a roar.
You are engulfed in blazing flames.
Ouch! That really hurt!
You die...

§○°≈≈°°°○○# ≈§#§☼§○§☼☼#
§°≈≈§§☼§§☼##
#≈≈§§☼☼§☼§.###
##≈#○§§☼☼☼...
≈§≈§○☼§○○☼.#### ≈≈≈≈
#§§§○§☼○☼##..##...≈≈≈≈
#☼§○○☼○°#☼...#.≈≈≈≈≈≈≈
#≈#☼○☼○○☼@☼.[.#..≈≈≈≈≈≈
≈≈≈○§§○☼☼○#○...#.≈≈≈≈≈≈≈
##≈§§☼○§°☼##..##.≈.≈≈≈≈≈
≈≈≈☼○☼°☼○☼.####..≈%≈≈≈≈≈
≈#≈#○○☼○☼☼....)..≈.≈≈≈≈≈
#≈≈§§○§☼○☼^####...≈≈≈≈≈≈
§§≈§§§○§○○##.[##.≈≈≈≈≈≈≈
§#≈☼§☼○☼☼#[...#))≈≈≈≈≈≈
≈§§≈≈≈..#.)).')..≈≈≈≈≈


There were no monsters in sight!

Vanquished Creatures
  Fannar (Lair:1)
  6 centaur warriors
  A two-headed ogre (D:6)
  2 tengu warriors (D:11)
  Nergalle (Lair:1)
  A deep troll (D:11)
  A fire crab (D:11)
  A death drake (shapeshifter) (D:12)
  2 unseen horrors
  A necromancer (D:11)
  An orc knight (D:12)
  4 cyclopes
  A deep elf archer (Bailey)
  12 deep elf magi
  An orc sorcerer (D:12)
  4 ugly things
  A wolf spider (D:12)
  2 manticores (D:12)
  3 salamanders
  A black mamba (Lair:1)
  2 centaur zombies
  2 centaur skeletons
  2 cane toads (Lair:1)
  3 gargoyles
  An efreet (D:12)
  5 komodo dragons
  A freezing wraith (D:11)
  2 tengu conjurers (D:11)
  A hornet (D:9)
  4 trolls
  13 slime creatures
  5 hippogriffs
  2 spriggans (shapeshifter)
  2 fire bats (Volcano)
  A vampire (D:12)
  9 yaks
  A wraith (D:10)
  3 hungry ghosts
  An acid dragon (D:12)
  3 wargs
  4 crocodiles
  A water moccasin (Lair:1)
  2 hell hounds (Volcano)
  3 porcupines (Lair:1)
  7 ice beasts
  10 orc warriors
  A black bear (D:8)
  4 sky beasts
  4 phantoms
  7 centaurs
  6 ogres
  4 big kobolds
  9 bullfrogs
  3 scorpions
  4 killer bees
  4 howler monkeys
  6 crimson imps
  A bullfrog zombie (D:9)
  6 hounds
  7 jellies
  11 orc wizards
  10 orc priests
  3 bullfrog skeletons
  4 iguanas
  Ijyb (D:3)
  4 hell rats (Lair:1)
  6 worker ants
  A hound zombie (D:5)
  A hound skeleton (D:7)
  A gnoll (D:8)
  A howler monkey skeleton (D:8)
  15 adders
  4 river rats (Lair:1)
  4 shadow imps
  7 oozes
  4 worms
  3 dart slugs
  A leopard gecko (D:3)
  48 orcs
  2 ball pythons (D:2)
  2 giant cockroaches (D:3)
  4 goblins
  10 hobgoblins
  13 jackals
  26 kobolds
  7 quokkas
  4 bats
  4 frilled lizards
  A jackal skeleton (D:6)
  6 rats
  2 plants (Lair:1)
413 creatures vanquished.

Vanquished Creatures (others)
  A two-headed ogre (Volcano)
  5 fulminant prisms (D:6)
6 creatures vanquished.

Grand Total: 419 creatures vanquished

Notes
Turn   | Place    | Note
-------+----------+-------------------------------------------
     0 | D:1      | Morbidden the Fairy Conjurer began the quest for the Orb.
     0 | D:1      | Reached XP level 1. HP: 11/11 MP: 6/6
    27 | D:1      | Reached skill level 5 in Conjurations
    72 | D:1      | Reached XP level 2. HP: 17/17 MP: 7/7
    77 | D:1      | Learned a level 2 spell: Searing Ray
   280 | D:1      | Reached XP level 3. HP: 21/21 MP: 9/9
   912 | D:2      | Found a glowing golden altar of the Shining One.
  1597 | D:3      | Found a bloodstained altar of Trog.
  1617 | D:3      | Reached XP level 4. HP: 26/27 MP: 4/10
  1724 | D:3      | Reached XP level 5. HP: 20/32 MP: 2/12
  1730 | D:3      | HP: 1/32 [orc wizard/+0 dagger (3)]
  1979 | D:3      | Noticed Ijyb
  1994 | D:3      | Killed Ijyb
  1995 | D:3      | Reached skill level 1 in Fighting
  2215 | D:3      | Reached XP level 6. HP: 38/38 MP: 12/14
  2788 | D:4      | Noticed a sky beast
  2860 | D:4      | Killed a sky beast
  2861 | D:4      | Reached XP level 7. HP: 4/45 MP: 4/16
  2866 | D:4      | Reached skill level 5 in Spellcasting
  3039 | D:4      | Found a staircase to the Ecumenical Temple.
  3118 | Temple   | Entered the Ecumenical Temple
  3275 | Temple   | Became a worshipper of Cheibriados the Contemplative
  3420 | D:4      | Learned a level 3 spell: Iskenderun's Mystic Blast
  3753 | D:5      | Entered Level 5 of the Dungeon
  3912 | D:5      | Found a sacrificial altar of Ru.
  3924 | D:5      | Reached XP level 8. HP: 51/51 MP: 10/19
  3976 | D:5      | Reached skill level 1 in Invocations
  3987 | D:5      | Found a runed translucent door.
  3989 | D:5      | Noticed izumii3's ghost (novice EnBe)
  4115 | D:5      | Reached * piety under Cheibriados
  4231 | D:5      | Found a runed translucent door.
  4583 | D:6      | Reached skill level 5 in Dodging
  4658 | D:6      | Learned a level 4 spell: Fulminant Prism
  4674 | D:6      | Found a stormy altar of Qazlal.
  4697 | D:6      | Reached ** piety under Cheibriados
  4706 | D:6      | Identified the ring "Cisuxoff" {Fire Str+2}
  4752 | D:6      | Reached XP level 9. HP: 54/56 MP: 1/22
  4825 | D:6      | Reached skill level 10 in Conjurations
  4914 | D:6      | Noticed a two-headed ogre
  4927 | D:6      | Killed a two-headed ogre
  4991 | D:6      | Found Voreuphe's Distillery.
  5133 | D:6      | Found an iron altar of Okawaru.
  5255 | D:6      | Reached skill level 1 in Short Blades
  5385 | D:6      | Reached XP level 10. HP: 63/63 MP: 21/25
  5536 | D:6      | Reached *** piety under Cheibriados
  5610 | D:7      | Found a flagged portal.
  5612 | D:7      | Reached skill level 10 in Spellcasting
  5634 | Bailey   | Entered a bailey
  5641 | Bailey   | Noticed a deep elf mage
  5644 | Bailey   | Killed a deep elf mage
  5657 | Bailey   | Noticed a deep elf mage
  5659 | Bailey   | Noticed a deep elf mage
  5660 | Bailey   | Noticed a deep elf mage
  5660 | Bailey   | Noticed a deep elf mage
  5663 | Bailey   | Noticed a demonic crawler
  5666 | Bailey   | Killed a deep elf mage
  5668 | Bailey   | Killed a deep elf mage
  5684 | Bailey   | Killed a deep elf mage
  5694 | Bailey   | Killed a deep elf mage
  5725 | Bailey   | Noticed a deep elf mage
  5728 | Bailey   | Killed a deep elf mage
  5751 | Bailey   | Noticed a deep elf mage
  5755 | Bailey   | Killed a deep elf mage
  5756 | Bailey   | Reached XP level 11. HP: 70/70 MP: 21/28
  5800 | Bailey   | Noticed a deep elf archer
  5803 | Bailey   | Killed a deep elf archer
  5866 | Bailey   | Learned a level 7 spell: Orb of Destruction
  5873 | Bailey   | Learned a level 6 spell: Statue Form
  5903 | Bailey   | Noticed a deep elf mage
  5903 | Bailey   | Noticed a deep elf mage
  5905 | Bailey   | Killed a deep elf mage
  5905 | Bailey   | Killed a deep elf mage
  6009 | D:7      | Found Tuin's Book Boutique.
  6098 | D:7      | Reached **** piety under Cheibriados
  6099 | D:7      | Reached skill level 5 in Fighting
  6101 | D:7      | Reached skill level 1 in Earth Magic
  6143 | D:7      | Found a staircase to the Lair.
  6282 | D:7      | Found a shimmering blue altar of Sif Muna.
  6444 | D:8      | Found Teattok's Jewellery Shoppe.
  6469 | D:8      | Bought the ring "Lifrerel" {MP+9 Str+2 Dex+3 SInv} for 625
                  | gold pieces
  6488 | D:8      | Found a sacrificial altar of Ru.
  6611 | D:8      | Reached skill level 1 in Transmutations
  6937 | D:8      | Reached ***** piety under Cheibriados
  7222 | D:8      | Reached skill level 5 in Invocations
  7666 | D:9      | Found a shimmering altar of Xom.
  7773 | D:9      | Found a shimmering blue altar of Sif Muna.
  7936 | D:10     | Entered Level 10 of the Dungeon
  7947 | D:10     | Reached XP level 12. HP: 78/78 MP: 31/31
  8036 | D:10     | Noticed a centaur warrior
  8043 | D:10     | Killed a centaur warrior
  8179 | D:10     | Reached skill level 1 in Long Blades
  8248 | D:10     | Found a white marble altar of Elyvilon.
  8262 | D:10     | Reached ****** piety under Cheibriados
  9002 | D:11     | Noticed a tengu warrior
  9004 | D:11     | Killed a tengu warrior
  9011 | D:11     | Noticed a centaur warrior
  9013 | D:11     | Killed a centaur warrior
  9203 | D:11     | Found a staircase to the Orcish Mines.
  9292 | D:11     | Reached XP level 13. HP: 83/83 MP: 33/33
  9548 | D:11     | Found a gate to the Vaults.
  9688 | D:12     | Entered Level 12 of the Dungeon
 10471 | D:12     | Reached skill level 15 in Conjurations
 10474 | D:12     | Reached skill level 1 in Shields
 10632 | D:12     | Found a staircase to the Depths.
 10839 | D:12     | Found a portal to a secret trove of treasure.
 10867 | D:12     | Found a shadowy altar of Dithmenos.
 11025 | D:12     | Reached skill level 15 in Spellcasting
 11449 | Lair:1   | Entered Level 1 of the Lair of Beasts
 11516 | Lair:1   | Found a runed translucent gate.
 11516 | Lair:1   | Found a runed translucent gate.
 11516 | Lair:1   | Found a runed translucent gate.
 11517 | Lair:1   | Noticed pheathergobbo575's ghost (novice MiFi)
 11666 | Lair:1   | Reached XP level 14. HP: 90/90 MP: 26/35
 12125 | Lair:1   | Noticed Fannar
 12129 | Lair:1   | Killed Fannar
 12231 | Lair:1   | Noticed Nergalle
 12236 | Lair:1   | Killed Nergalle
 12704 | Lair:2   | Reached skill level 5 in Short Blades
 12708 | Lair:2   | Found a transporter.
 12734 | Lair:2   | Found a dark tunnel.
 12740 | Volcano  | Entered a volcano
 12758 | Volcano  | Reached skill level 5 in Earth Magic
 12802 | Volcano  | HP: 4/90 [hell hound/blast of flame (14)]
 12882 | Volcano  | Engulfed by a cloud of flame

Skill      XL: |  1  2  3  4  5  6  7  8  9 10 11 12 13 14 |
---------------+-------------------------------------------+-----
Conjurations   | 5 6 7 8 9 11 12 13 14 15 | 15.7
Dodging        | 3 4 5 6 7 8 9 |  9.2
Spellcasting   | 3 4 6 7 9 11 13 14 15 | 15.3
Fighting       | 1 2 3 4 5 6 7 |  7.0
Stealth        | 2 3 |  3.1
Invocations    | 2 3 4 5 6 |  6.3
Short Blades   | 1 2 3 4 5 |  5.0
Earth Magic    | 1 3 4 5 |  5.0
Transmutations | 1 3 4 |  4.3
Long Blades    | 2 3 |  3.2
Shields        | 1 2 |  2.1
Throwing       | |  0.2
Evocations     | |  0.1

Action                   |  1- 3 |  4- 6 |  7- 9 | 10-12 | 13-15 || total
-------------------------+-------+-------+-------+-------+-------++-------
Melee: Dagger            |       |     4 |     8 |    14 |       ||    26
       Scimitar          |       |       |       |       |     3 ||     3
Throw: Tomahawk          |       |       |       |     1 |       ||     1
 Cast: Magic Dart        |    74 |    56 |    30 |       |     1 ||   161
       Searing Ray       |     3 |    11 |    12 |    13 |     3 ||    42
       Iskenderun's Myst |       |       |    91 |   280 |    81 ||   452
       Fulminant Prism   |       |       |     5 |       |       ||     5
       Orb of Destructio |       |       |       |    26 |   103 ||   129
Evoke: Wand              |       |       |       |     1 |       ||     1
  Use: Scroll            |     1 |       |     4 |    15 |     4 ||    24
       Potion            |       |     1 |       |     3 |       ||     4
 Stab: Paralysed         |       |       |       |     1 |       ||     1
       Sleeping          |       |       |       |     1 |       ||     1
  Eat: Chunk             |     1 |     5 |     9 |     9 |     8 ||    32
Armor: Skin              |     3 |     9 |    11 |    14 |     6 ||    43
Dodge: Dodged            |    14 |    34 |    70 |   104 |    70 ||   292
Block: Other             |     3 |    14 |    17 |    32 |    27 ||    93
       Buckler           |       |       |       |       |    15 ||    15
